 Dungeon Crawl Stone Soup version 0.21.1-35-gfefc1aa2bb (webtiles) character file.

123 JamesBald the Slasher (level 5, 0/61 HPs)
             Began as a Human Berserker on Aug 1, 2018.
             Was a Believer of Trog.
             Succumbed to an adder's poison
             ... on level 3 of the Dungeon.
             The game lasted 00:05:13 (2024 turns).

JamesBald the Slasher (Human Berserker)             Turns: 2024, Time: 00:05:13

Health: 0/61       AC:  5    Str: 24    XL:     5   Next: 28%
Magic:  5/5        EV: 12    Int:  7    God:    Trog [**....]
Gold:   55         SH:  0    Dex: 12    Spells: 4/4 levels left

rFire    . . .     SeeInvis .   m - +2 dagger (chaos)
rCold    . . .     Gourm    .   (no shield)
rNeg     . . .     Faith    .   d - +0 ring mail
rPois    .         Spirit   .   (no helmet)
rElec    .         Reflect  .   (no cloak)
rCorr    .         Harm     .   (no gloves)
MR       .....                  (no boots)
Stlth    ..........             (no amulet)
HPRegen  0.20/turn              (no ring)
MPRegen  0.09/turn              (no ring)

@: berserking, lethally poisoned (0 -> -7), drained, very quick
A: no striking features
a: Berserk, Trog's Hand, Burn Spellbooks, Renounce Religion


You were on level 3 of the Dungeon.
You worshipped Trog.
Trog was pleased with you.
You were not hungry.

You visited 1 branch of the dungeon, and saw 3 of its levels.

You collected 55 gold pieces.

Inventory:

Hand Weapons
 a - a +0 falchion
 g - a +2 dagger of protection
 m - a +2 dagger of chaos (weapon)
Armour
 b - a +0 animal skin
 d - a +0 ring mail (worn)
Wands
 k - a wand of paralysis (11)
Scrolls
 e - a scroll of teleportation {unknown}
 f - a scroll of amnesia {unknown}
Potions
 h - a potion of curing {unknown}
 i - a potion of berserk rage
 j - a potion of mutation {unknown}
 l - a potion of lignification {unknown}
Comestibles
 c - 4 rations


   Skills:
 + Level 3.5(3.4) Fighting
 + Level 1.4(2.8) Short Blades
 + Level 3.7(3.8) Long Blades
 + Level 2.7 Armour
 + Level 3.1 Dodging
 + Level 0.1 Stealth


You had 4 spell levels left.
You didn't know any spells.

Dungeon Overview and Level Annotations

Branches:
Dungeon (3/15)

Altars:
Xom


Message History

* * * LOW HITPOINT WARNING * * *
You are more poisoned.
Something poisons you!
You miss something.
You feel sick. Something bites you.
* * * LOW HITPOINT WARNING * * *
You are more poisoned.
Something poisons you!
You hit something. Something bites you.
* * * LOW HITPOINT WARNING * * *
Something bites you but does no damage.
You closely miss something.
* * * LOW HITPOINT WARNING * * *
You feel sick. Something bites you.
* * * LOW HITPOINT WARNING * * *
Something bites you but does no damage.
There isn't anything here!
It was a potion of berserk rage.
A red film seems to cover your vision as you go berserk!
You feel yourself moving faster!
You feel mighty!
You die...

##.....##
##...## ##.##
####...#####.##
+..............
#######'####.##
#.....^.#
###._.###
#...@...#
####{#### ..#
##.# #.# #.#
#.# ..#


There were no monsters in sight!

Vanquished Creatures
  A crimson imp (D:3)
  Terence (D:2)
  2 adders (D:2)
  2 worms (D:2)
  A dart slug (D:1)
  A ball python (D:2)
  5 bats
  2 goblins
  9 hobgoblins
  8 jackals
  2 kobolds
  3 frilled lizards
  A rat (D:1)
38 creatures vanquished.

Notes
Turn   | Place    | Note
-------+----------+-------------------------------------------
     0 | D:1      | JamesBald the Human Berserker began the quest for the Orb.
     0 | D:1      | Reached XP level 1. HP: 18/18 MP: 1/1
   120 | D:1      | Reached XP level 2. HP: 20/24 MP: 2/2
   680 | D:1      | Reached XP level 3. HP: 28/29 MP: 3/3
  1101 | D:2      | Reached XP level 4. HP: 28/35 MP: 4/4
  1182 | D:2      | Reached ** piety under Trog
  1226 | D:2      | Noticed Terence
  1258 | D:2      | Killed Terence
  1258 | D:2      | Reached skill level 1 in Short Blades
  1983 | D:3      | Found a shimmering altar of Xom.
  2000 | D:3      | Reached XP level 5. HP: 31/41 MP: 5/5
  2023 | D:3      | HP: 2/41 [poisoned by an adder]
  2024 | D:3      | Succumbed to an adder's poison

Skill      XL: |  1  2  3  4 |
---------------+-------------+-----
Short Blades   | 1 |  1.4
Dodging        | 3 |  3.1
Fighting       | |  3.5
Long Blades    | |  3.7
Armour         | |  2.7
Stealth        | |  0.1

Action                   |  1- 3 |  4- 6 || total
-------------------------+-------+-------++-------
Melee: Falchion          |    27 |       ||    27
       Dagger            |    54 |   130 ||   184
  Use: Potion            |       |     1 ||     1
  Eat: Ration            |     1 |       ||     1
Armor: Ring mail         |    35 |    83 ||   118
Dodge: Dodged            |    53 |   135 ||   188
       Rpst.: Falchion   |     4 |       ||     4
